 Dungeon Crawl Stone Soup version 0.27-a0-498-g7ecbb0a48f (webtiles) character file.

Game seed: 7429602487825935682

24 siradein the Charlatan (level 2, 0/21 HPs)
             Began as a Demonspawn Artificer on Mar 3, 2021.
             Slain by Natasha (1 damage)
             ... on level 2 of the Dungeon.
             The game lasted 00:04:35 (1319 turns).

siradein the Charlatan (Demonspawn Artificer)       Turns: 1319, Time: 00:04:36

Health: 0/21       AC:  8    Str: 12    XL:     2   Next: 79%
Magic:  2/2        EV:  4    Int: 12    God:
Gold:   99         SH:  3    Dex: 13    Spells: 1/1 levels left

rFire    . . .     SeeInvis .   n - +0 hand axe
rCold    . . .     Faith    .   k - +0 buckler
rNeg     . . .     Spirit   .   m - +0 chain mail
rPois    .         Reflect  .   (no helmet)
rElec    .         Harm     .   (no cloak)
rCorr    .         Rampage  .   (no gloves)
Will     +....                  (no boots)
Stlth    ..........             (no amulet)
HPRegen  0.07/turn              f - ring of willpower
MPRegen  0.08/turn              (no ring)

@: no status effects
A: talons 1
a: no special abilities


You were on level 2 of the Dungeon.
You visited 1 branch of the dungeon, and saw 2 of its levels.

You collected 99 gold pieces.

Inventory:

Hand Weapons
 n - a +0 hand axe (weapon)
Missiles
 h - 44 bolts
 l - 21 arrows
Armour
 k - a +0 buckler (worn)
 m - a +0 chain mail (worn)
Jewellery
 f - a ring of willpower (left hand)
Wands
 c - a wand of flame (15) (quivered)
 d - a wand of charming (15)
 e - a wand of random effects (15)
Scrolls
 b - a scroll of enchant weapon {unknown}
 g - a scroll of random uselessness {unknown}
 i - a scroll of blinking {unknown}
 j - 2 scrolls of identify {unknown}


   Skills:
 - Level 1.0 Fighting
 + Level 0.4 Axes
 - Level 1.7 Armour
 - Level 0.8 Dodging
 - Level 0.8 Stealth
 + Level 4.0 Evocations


You had one spell level left.
You didn't know any spells.
Your spell library was empty.

Dungeon Overview and Level Annotations

Branches:
Dungeon (2/15)

Altars:

Annotations:
D:2 Natasha


Innate Abilities, Weirdness & Mutations

You have sharp toenails.


Message History

Done exploring.
Done exploring.
Done exploring.
(D) Dungeon
Where to? (? - help)
What level of the Dungeon? (default 1, ? - help)
There is an open door here.
There is an open door here.
There is a stone staircase leading down here.
You climb downwards.
There is a stone staircase leading up here.
j - 2 scrolls labelled PAAGUO JIBLEOPNO (gained 1) Natasha, Servant of Life and Death comes into view.
Natasha hisses angrily.
Natasha mumbles some strange words.
Natasha drinks a potion.
Natasha flickers and vanishes!
Deactivating autopickup; reactivate with Ctrl-A.
You closely miss something. Your kick misses something.
Something claws you but does no damage.
You closely miss something. Something claws you.
Something claws you but does no damage.
You miss something.
You hear some strange, mumbled words.
You barely miss something. Something claws you.
The crimson imp blinks!
You miss something. Something claws you.
The shadow imp shouts, "Flee, thou puking moon-mazed toady!"
You hear some strange, mumbled words.
A magic dart appears from out of thin air!
The magic dart hits you.
The crimson imp blinks!
A magic dart appears from out of thin air!
The magic dart hits you.
A magic dart appears from out of thin air!
The magic dart hits you!
* * * LOW HITPOINT WARNING * * *
You start resting.
Something claws you but does no damage.
You aren't carrying any potions.
Something claws you.
You die...

######## ####h.
...# .5...###.###
#####..#.....#
.........#{#.#####
.###.###.#.#.....#
..#...##.##
#########.##.#
.......@..##.#
############.#
#...#.# #.#.#.#
#.....# #####.###
#..<#.# #.###.#
#.....#


There were no monsters in sight!

Vanquished Creatures
  An ooze (D:1)
  A leopard gecko (D:1)
  A bat (D:1)
  A giant cockroach (D:1)
  4 goblins (D:1)
  A hobgoblin (D:1)
  A kobold (D:1)
  A frilled lizard (D:1)
  8 rats (D:1)
19 creatures vanquished.

Notes
Turn   | Place    | Note
-------+----------+-------------------------------------------
     0 | D:1      | siradein the Demonspawn Artificer began the quest for the
                  | Orb.
     0 | D:1      | Reached XP level 1. HP: 15/15 MP: 1/1
   413 | D:1      | Gained mutation: You have sharp toenails. [demonic
                  | ancestry]
   413 | D:1      | Reached XP level 2. HP: 17/21 MP: 2/2
  1207 | D:1      | Reached skill level 4 in Evocations
  1301 | D:2      | Noticed Natasha
  1310 | D:2      | Noticed a crimson imp
  1314 | D:2      | HP: 1/21 [something/magic dart (8)]
  1319 | D:2      | Slain by Natasha

Illustrated notes

Levels and vault maps discovered:
D:1:      evilmike_arrival_rings, layout_loops_corners, st_stairs_2,
          minmay_rat_gold_closets
D:2:      layout_basic, minmay_pentomino_r2, uniq_natasha

Skill      XL: |  1  2 |
---------------+-------+-----
Evocations     | 4 |  4.0
Fighting       | |  1.0
Axes           | |  0.4
Armour         | |  1.7
Dodging        | |  0.8
Stealth        | |  0.8

Action                   || total
-------------------------++-------
Melee: Club              ||    64
       Hand axe          ||    20
       Kick              ||     7
Armor: Ring mail         ||    38
       Chain mail        ||    22
Dodge: Dodged            ||    32
Block: Buckler           ||     4

Table legend: (Time is in decaauts)
 A = Elapsed time spent in this place.
 B = Non-inter-level travel time spent in this place.
 C = Inter-level travel time spent in this place.
 D = Time resting spent in this place.
 E = Time spent auto-exploring this place.
 F = Levels seen in this place.
 G = Mean time per level.
                   A        B        C        D        E       F      G
               +--------+--------+--------+--------+--------+-----+--------+
         Total |   1346 |   1313 |     33 |      3 |   1030 |   2 |  673.0 |
       Dungeon |   1346 |   1313 |     33 |      3 |   1030 |   2 |  673.0 |
               +--------+--------+--------+--------+--------+-----+--------+

Top non-repeatable levels by time:
     D:1: 1292 daAuts
     D:2: 54 daAuts
